Map: King's Cove LE

Players

Neeb - Winner!

  • Race: Protoss Protoss
  • League: Master
  • Spawn Location: 5:00

scarlett

  • Race: Zerg Zerg
  • League: Master
  • Spawn Location: 11:00

Event: 2019 WCS Winter Americas

VOD

Have the link to the VOD?

Description

Time

  • Played on: April 6, 2019, 6:46 p.m.
  • Length: 27:09

All games in this series

Show
View Real Time Build Order
Export as new Build Order

Neeb Protoss - Winner!

Build Orders: 1 Gate Expand, Oracle Opening, Phoenix Opening 

Get SALT Encoding   

  12  0:00  Probe  
  13  0:12  Probe  
  14  0:17  Pylon  
  14  0:25  Probe  
  15  0:29  Assimilator  
  15  0:34  Probe  
  16  0:43  Probe  
  16  0:44  Gateway  
  17  0:52  Probe  
  18  1:05  Probe  
  19  1:17  Probe  
  20  1:25  Nexus  
  20  1:34  Cybernetics Core  
  20  1:37  Probe  
  21  1:42  Assimilator  
  21  1:49  Probe  
  21  1:52  Pylon  
  22  1:58  Probe  
  22  2:01  Adept  
  22  2:06  Probe  
  23  2:12  Warp Gate  
  26  2:16  Probe  
  26  2:22  Stargate  
  27  2:23  Adept  
  27  2:28  Probe  
  28  2:36  Probe  
  31  2:40  Probe  
  32  2:49  Probe  
  33  2:52  Probe, Adept  
  33  2:58  Oracle  
  36  3:01  Probe  
  36  3:04  Probe  
  41  3:12  Pylon  
  41  3:13  Probe  
  41  3:17  Probe  
  43  3:20  Gateway  
  43  3:25  Probe  
  44  3:28  Phoenix  
  44  3:29  Probe  
  45  3:37  Probe  
  48  3:41  Probe  
  48  3:42  Assimilator  
  48  3:45  Assimilator  
  49  3:49  Probe  
  49  3:50  Oracle  
  49  3:51  Pylon  
  49  3:53  Probe  
  54  4:09  Probe x2  
  56  4:13  Twilight Council  
  52  4:18  Gateway  
  52  4:21  Probe x2  
  52  4:22  Adept x2  
  58  4:26  Pylon  
  58  4:30  Gateway  
  58  4:36  Probe  
  58  4:37  Probe  
  60  4:39  Resonating Glaives  
  60  4:45  Pylon, Adept x2  
  64  4:48  Probe  
  65  5:02  Nexus  
  65  5:05  Pylon  
  65  5:11  Adept x2  
  69  5:17  Probe  
  70  5:23  Adept  
  70  5:25  Adept  
  70  5:26  Pylon  
  70  5:28  Pylon  
  74  5:35  Adept x2  
  78  5:37  Probe  
  78  5:41  Probe  
  80  5:48  Robotics Facility  
  80  5:49  Probe  
  81  5:51  Adept  
  81  5:52  Adept  
  81  5:53  Probe  
  86  6:00  Adept  
  86  6:01  Probe, Adept  
  91  6:04  Pylon  
  91  6:05  Probe  
  92  6:13  Probe  
  92  6:18  Probe x2  
  96  6:25  Probe  
  96  6:29  Charge  
  96  6:30  Immortal, Probe, Gateway  
  96  6:31  Gateway  
  97  6:34  Templar Archives  
  97  6:36  Probe  
  89  6:41  Probe  
  88  6:47  Probe  
  88  6:48  Zealot x4  
  88  6:53  Probe  
  96  6:59  Probe  
  95  7:05  Gateway  
  95  7:06  Immortal  
  95  7:07  Gateway  
  87  7:11  Pylon  
  85  7:17  Probe  
  85  7:18  Probe  
  85  7:22  Assimilator  
  87  7:23  Assimilator  
  87  7:28  Pylon  
  87  7:31  Gateway  
  87  7:32  Gateway  
  87  7:33  Forge  
  87  7:37  Zealot x3  
  87  7:38  Zealot x3  
  87  7:41  Warp Prism  
  99  7:49  Pylon  
  97  8:06  High Templar x8  
  97  8:09  Protoss Ground Weapons Level 1  
  97  8:10  Archon  
  97  8:11  Observer, Archon x2  
  113  8:13  Archon  
  113  8:16  Probe x2  
  113  8:17  Probe  
  113  8:19  Pylon  
  117  8:28  Probe  
  118  8:36  Immortal  
  118  8:39  Zealot x8  
  114  8:59  Zealot x5  
  114  9:00  Zealot x3  
  114  9:01  Probe  
  119  9:07  Probe  
  120  9:20  High Templar x8  
Show
View Real Time Build Order
Export as new Build Order

scarlett Zerg 

Build Orders: Hatch First 

Get SALT Encoding   

  12  0:00  Drone  
  13  0:12  Overlord  
  13  0:17  Drone  
  14  0:30  Drone x2  
  16  0:49  Hatchery  
  15  0:52  Drone  
  15  0:56  Drone  
  17  0:59  Drone  
  18  1:10  Extractor  
  17  1:14  Spawning Pool  
  17  1:18  Drone  
  17  1:20  Drone  
  18  1:28  Drone  
  19  1:38  Drone  
  20  1:48  Hatchery  
  20  1:51  Drone  
  20  2:01  Drone x2  
  22  2:06  Queen  
  24  2:16  Queen  
  24  2:21  Overlord  
  26  2:24  Drone  
  26  2:29  Metabolic Boost  
  27  2:33  Zergling x2  
  28  2:39  Zergling x2  
  28  2:40  Drone x2  
  28  2:44  Drone x2  
  33  2:51  Queen  
  33  2:57  Overlord  
  35  3:06  Zergling x8  
  39  3:16  Drone  
  39  3:17  Drone  
  39  3:18  Queen  
  43  3:24  Drone x3  
  46  3:33  Overlord, Drone x3  
  49  3:43  Evolution Chamber  
  49  3:44  Overlord  
  49  3:45  Drone x2  
  50  3:58  Spore Crawler  
  46  4:04  Drone x10  
  56  4:14  Overlord, Drone  
  56  4:15  Drone  
  56  4:16  Spore Crawler  
  56  4:22  Spore Crawler, Drone  
  56  4:27  Overlord  
  56  4:28  Drone x2  
  58  4:31  Zerg Melee Weapons Level 1  
  58  4:34  Drone  
  58  4:36  Drone x2  
  61  4:41  Overlord  
  61  4:49  Drone x8  
  69  4:59  Lair  
  66  5:01  Drone x5  
  66  5:06  Extractor  
  70  5:11  Extractor  
  70  5:13  Zergling x12  
  75  5:16  Extractor  
  75  5:18  Overlord x3  
  73  5:37  Overlord  
  73  5:38  Zergling x12  
  78  5:46  Drone x10  
  87  5:51  Hatchery  
  86  5:58  Zergling x6  
  89  6:04  Zergling x2  
  89  6:05  Zergling x4  
  89  6:08  Hydralisk Den  
  91  6:15  Zergling x20  
  100  6:22  Overlord  
  100  6:32  Drone x4, Zerg Melee Weapons Level 2  
  97  6:37  Zergling x2  
  73  6:42  Zergling x14  
  73  6:43  Muscular Augments, Zergling x4  
  73  6:45  Zergling x4  
  71  6:49  Zergling x2  
  72  6:56  Queen  
  72  6:57  Queen  
  72  7:04  Drone x6  
  74  7:12  Drone x6  
  74  7:16  Spore Crawler  
  74  7:18  Drone  
  74  7:22  Drone x2  
  74  7:24  Drone  
  74  7:26  Drone  
  76  7:32  Hydralisk x2  
  80  7:40  Hydralisk  
  80  7:41  Hydralisk x2  
  86  7:46  Baneling Nest  
  86  7:48  Overseer  
  86  7:49  Hydralisk x2  
  88  8:01  Hydralisk x5  
  88  8:02  Hydralisk  
  95  8:07  Drone  
  95  8:08  Hydralisk  
  95  8:09  Hydralisk x2  
  95  8:12  Zergling x6  
  104  8:14  Grooved Spines  
  104  8:16  Zergling x4  
  106  8:21  Zergling x2  
  106  8:22  Zergling x8  
  106  8:26  Zergling x2  
  106  8:27  Zergling x8  
  116  8:32  Baneling x6  
  116  8:34  Baneling  
  116  8:35  Baneling  
  116  8:36  Zergling x8  
  116  8:38  Baneling  
  116  8:39  Baneling  
  120  8:43  Overlord x3  
  100  8:55  Drone x8  
  100  9:00  Hydralisk x2  
  91  9:05  Hydralisk  
  91  9:06  Zergling x2  
  91  9:09  Hydralisk  
  84  9:10  Zergling x2  
  84  9:13  Hydralisk  
  84  9:16  Hydralisk  
  84  9:19  Hydralisk  
Tags
 
Add a new tag
Caveats
  • Supply blocks, unpowered buildings, or Contaminate may cause inaccurate times.
  • Supply counts are checked every 10 seconds.